TOP OF THE 1ST |
Pennsauken Flyers batting - Pitching for Royse City Targaryens : RHP Eugenio Piñeiro
|
Pitching: RHP Eugenio Piñeiro
|
|
Batting: RHB Marc Beck
|
0-0: Swinging Strike 0-1: Ball 1-1: Called Strike 1-2: Ball 2-2: Ball 3-2: Base on Balls
|
Batting: RHB Patrick Eggen
|
0-0: Ball 1-0: Ball 2-0: Called Strike 2-1: Called Strike 2-2: Ball 3-2: Strikes out swinging
|
Batting: RHB José Rodríguez
|
0-0: Ball Wild Pitch! Marc Beck to second 1-0: Ball 2-0: SINGLE (Groundball, 6D) Marc Beck to third Runner from 3rd tries for Home, SAFE, no throw
|
Batting: LHB Arana Sashi
|
0-0: Called Strike 0-1: Ball 1-1: Swinging Strike 1-2: Strikes out swinging José Rodríguez steals 2nd base Batter strikes out.
|
Batting: RHB Dave Ash
|
0-0: Ground out 1-3 (Groundball, 13)
|
Top of the 1st over - 1 run, 1 hit, 0 errors, 1 left on base; Pennsauken 1 - Royse City 0 |
BOTTOM OF THE 1ST |
Royse City Targaryens batting - Pitching for Pennsauken Flyers : LHP Bernie Sanders
|
Pitching: LHP Bernie Sanders
|
|
Batting: RHB José García
|
0-0: Ball 1-0: Called Strike 1-1: Foul Ball, location: 2F 1-2: Ground out 4-3 (Groundball, 4)
|
Batting: SHB Vernon T. Waldrip
|
0-0: Ball 1-0: Called Strike 1-1: Swinging Strike 1-2: Foul Ball, location: 2F 1-2: Strikes out swinging
|
Batting: RHB Víctor Cuevas
|
0-0: Foul Ball, location: 2F 0-1: Swinging Strike 0-2: Ball 1-2: Foul Ball, location: 2F 1-2: SINGLE (Line Drive, 8RS)
|
Batting: RHB Melvin Thomas
|
0-0: Ball 1-0: Swinging Strike 1-1: Ball Wild Pitch! Víctor Cuevas to second 2-1: Fly out, F8 (Flyball, 8RXD)
|
Bottom of the 1st over - 0 runs, 1 hit, 0 errors, 1 left on base; Pennsauken 1 - Royse City 0 |
TOP OF THE 2ND |
Pennsauken Flyers batting - Pitching for Royse City Targaryens : RHP Eugenio Piñeiro
|
Batting: RHB Raúl Moreno
|
0-0: Ball 1-0: Ball 2-0: Ball 3-0: Called Strike 3-1: Called Strike 3-2: Foul Ball, location: 2F 3-2: Base on Balls
|
Batting: RHB Leo Cadden
|
0-0: Ball 1-0: Ground out 5-3 (Groundball, 56S) Raúl Moreno to second
|
Batting: RHB Clarence Therrien
|
0-0: SINGLE (Groundball, 34D) Raúl Moreno to third Runner from 3rd tries for Home, SAFE, no throw
|
Batting: RHB John Downing
|
0-0: Called Strike Clarence Therrien steals 2nd base 0-1: Foul Ball, location: 2F 0-2: Ball 1-2: SINGLE (Groundball, 56D) Clarence Therrien to third
|
Batting: RHB Marc Beck
|
0-0: Ball 1-0: Ball 2-0: SINGLE (Groundball, 56D) Clarence Therrien scores John Downing to second
|
Batting: RHB Patrick Eggen
|
0-0: Ball 1-0: Ball 2-0: Called Strike 2-1: Ball 3-1: Foul Ball, location: 2F 3-2: Fly out, F7 (Flyball, 7LM)
|
Batting: RHB José Rodríguez
|
0-0: Fielders Choice at 2nd, 5-4 (Groundball, 56)
|
Top of the 2nd over - 2 runs, 3 hits, 0 errors, 2 left on base; Pennsauken 3 - Royse City 0 |
BOTTOM OF THE 2ND |
Royse City Targaryens batting - Pitching for Pennsauken Flyers : LHP Bernie Sanders
|
Batting: SHB Miguel Herrera
|
0-0: Ball 1-0: Foul Ball, location: 2F 1-1: Ball 2-1: Fly out, F8 (Flyball, 8RD)
|
Batting: RHB David Elías
|
0-0: Ball 1-0: Ball 2-0: Swinging Strike 2-1: Ball 3-1: Base on Balls
|
Batting: RHB Riley Walker
|
0-0: Ball 1-0: Ball 2-0: Foul Ball, location: 2F 2-1: Ball 3-1: Called Strike 3-2: Strikes out looking
|
Batting: LHB Takahiro Suzuki
|
0-0: Ball 1-0: Ball 2-0: Called Strike 2-1: SINGLE (Flyball, 8RM) David Elías to second
|
Batting: RHB Breanainn Swartwood
|
0-0: Called Strike 0-1: Ball 1-1: Ground out 4-3 (Groundball, 4)
|
Bottom of the 2nd over - 0 runs, 1 hit, 0 errors, 2 left on base; Pennsauken 3 - Royse City 0 |
TOP OF THE 3RD |
Pennsauken Flyers batting - Pitching for Royse City Targaryens : RHP Eugenio Piñeiro
|
Batting: LHB Arana Sashi
|
0-0: Called Strike 0-1: Ball 1-1: Ball 2-1: Foul Ball, location: 2F 2-2: Foul Ball, location: 2F 2-2: Hit by Pitch
|
Batting: RHB Dave Ash
|
0-0: Ball 1-0: Grounds into double play, 5-4-3 (Groundball, 56)
|
Batting: RHB Raúl Moreno
|
0-0: Foul Ball, location: 2F 0-1: Ground out 1-3 (Groundball, 13S)
|
Top of the 3rd over - 0 runs, 0 hits, 0 errors, 0 left on base; Pennsauken 3 - Royse City 0 |
BOTTOM OF THE 3RD |
Royse City Targaryens batting - Pitching for Pennsauken Flyers : LHP Bernie Sanders
|
Batting: RHB José García
|
0-0: Ground out 3-1 (Groundball, 34S)
|
Batting: SHB Vernon T. Waldrip
|
0-0: Ball 1-0: Foul Ball, location: 2F 1-1: Ball 2-1: Foul Ball, location: 2F 2-2: Strikes out swinging
|
Batting: RHB Víctor Cuevas
|
0-0: SINGLE (Line Drive, 8LS)
|
Batting: RHB Melvin Thomas
|
0-0: Called Strike 0-1: Ball 1-1: Ball 2-1: SINGLE (Groundball, 6S) (infield hit) Víctor Cuevas to second
|
Batting: SHB Miguel Herrera
|
0-0: Ball 1-0: Swinging Strike 1-1: Called Strike 1-2: Ground out 4-3 (Groundball, 4)
|
Bottom of the 3rd over - 0 runs, 2 hits, 0 errors, 2 left on base; Pennsauken 3 - Royse City 0 |
TOP OF THE 4TH |
Pennsauken Flyers batting - Pitching for Royse City Targaryens : RHP Eugenio Piñeiro
|
Batting: RHB Leo Cadden
|
0-0: Ball 1-0: Ball 2-0: Ball 3-0: Base on Balls
|
Batting: RHB Clarence Therrien
|
0-0: Foul Ball, location: 2F 0-1: Ball Wild Pitch! Leo Cadden to second 1-1: Ball 2-1: Called Strike 2-2: Ball 3-2: Fly out, F8 (Flyball, 8RXD) Runner from 2nd tags up, SAFE at 3rd, no throw
|
Batting: RHB John Downing
|
0-0: Foul Ball, location: 2F 0-1: Ball 1-1: Ground out 1-3 (Groundball, 13)
|
Batting: RHB Marc Beck
|
0-0: Swinging Strike 0-1: Called Strike 0-2: Strikes out swinging
|
Top of the 4th over - 0 runs, 0 hits, 0 errors, 1 left on base; Pennsauken 3 - Royse City 0 |
BOTTOM OF THE 4TH |
Royse City Targaryens batting - Pitching for Pennsauken Flyers : LHP Bernie Sanders
|
Batting: RHB David Elías
|
0-0: Swinging Strike 0-1: DOUBLE (Groundball, 3L)
|
Batting: RHB Riley Walker
|
0-0: Foul Ball, location: 2F 0-1: Called Strike 0-2: Ball 1-2: Foul Ball, location: 2F 1-2: Ball 2-2: Foul Ball, location: 2F 2-2: Fly out, F9 (Flyball, 89M)
|
Batting: LHB Takahiro Suzuki
|
0-0: Called Strike 0-1: Ball 1-1: Swinging Strike 1-2: Foul Ball, location: 2F 1-2: Foul Ball, location: 2F 1-2: Foul Ball, location: 2F 1-2: DOUBLE (Groundball, 3L) David Elías scores
|
Batting: RHB Breanainn Swartwood
|
0-0: Called Strike 0-1: Ball 1-1: Called Strike 1-2: Fly out, F5 (Popup, 25F)
|
Batting: RHB José García
|
0-0: Ball 1-0: Ball 2-0: Fly out, F8 (Flyball, 8RS)
|
Bottom of the 4th over - 1 run, 2 hits, 0 errors, 1 left on base; Pennsauken 3 - Royse City 1 |
TOP OF THE 5TH |
Pennsauken Flyers batting - Pitching for Royse City Targaryens : RHP Eugenio Piñeiro
|
Batting: RHB Patrick Eggen
|
0-0: Ball 1-0: Swinging Strike 1-1: Foul Ball, location: 2F 1-2: Foul Ball, location: 2F 1-2: Foul Ball, location: 2F 1-2: Ball 2-2: Ball 3-2: Foul Ball, location: 2F 3-2: Base on Balls
|
Batting: RHB José Rodríguez
|
0-0: Ball 1-0: Ball 2-0: Ball 3-0: Base on Balls Patrick Eggen to second
|
Batting: LHB Arana Sashi
|
0-0: Ball 1-0: Foul Ball, location: 2F 1-1: Ball 2-1: Foul Ball, location: 2F 2-2: Foul Ball, location: 2F 2-2: SINGLE (Line Drive, 9S) Patrick Eggen to third José Rodríguez to second Runner from 3rd tries for Home, SAFE, no throw
|
Pitching: LHP Won-min Yi
|
|
Batting: RHB Dave Ash
|
0-0: Ball 1-0: Ball 2-0: SINGLE (Line Drive, 89M) José Rodríguez to third Arana Sashi to second
|
Batting: RHB Raúl Moreno
|
0-0: Grounds into double play, 6-2-3 (Groundball, 56) Arana Sashi to third Dave Ash to second
|
Batting: RHB Leo Cadden
|
0-0: Swinging Strike 0-1: Ball 1-1: Called Strike 1-2: Strikes out swinging
|
Top of the 5th over - 1 run, 2 hits, 0 errors, 2 left on base; Pennsauken 4 - Royse City 1 |
BOTTOM OF THE 5TH |
Royse City Targaryens batting - Pitching for Pennsauken Flyers : LHP Bernie Sanders
|
Batting: SHB Vernon T. Waldrip
|
0-0: Called Strike 0-1: Ball 1-1: SINGLE (Groundball, 6MS) (infield hit)
|
Batting: RHB Víctor Cuevas
|
0-0: Called Strike 0-1: Ground out 3-1 (Groundball, 34S) Vernon T. Waldrip to second
|
Batting: RHB Melvin Thomas
|
0-0: DOUBLE (Line Drive, 7LS) Vernon T. Waldrip scores
|
Batting: SHB Miguel Herrera
|
0-0: Called Strike 0-1: Ball 1-1: Ball 2-1: Ball 3-1: SINGLE (Line Drive, 9S) Melvin Thomas to third
|
Batting: RHB David Elías
|
0-0: Ball 1-0: SINGLE (Flyball, 78S) Melvin Thomas scores Miguel Herrera to second
|
Batting: RHB Riley Walker
|
0-0: Ball 1-0: Called Strike 1-1: SINGLE (Line Drive, 89M) Miguel Herrera to third David Elías to second Runner from 3rd tries for Home, SAFE, no throw
|
Batting: LHB Takahiro Suzuki
|
0-0: Called Strike 0-1: SINGLE (Line Drive, 56D) David Elías to third Riley Walker to second
|
Batting: RHB Breanainn Swartwood
|
0-0: Ball 1-0: Reached on error, E9 (Flyball, 89M) David Elías scores Riley Walker to third Takahiro Suzuki to second
|
Batting: RHB José García
|
0-0: Called Strike 0-1: Foul Ball, location: 2F 0-2: Fly out, F6 (Popup, 6M)
|
Pitching: RHP Manny Benavides
|
|
Batting: SHB Vernon T. Waldrip
|
0-0: SINGLE (Line Drive, 6D) Riley Walker scores Takahiro Suzuki to third Breanainn Swartwood to second Throwing error, E8 Takahiro Suzuki scores Breanainn Swartwood to third Vernon T. Waldrip to second
|
Batting: RHB Víctor Cuevas
|
0-0: Called Strike 0-1: Ball 1-1: Ball 2-1: Foul Ball, location: 2F 2-2: Fly out, F7 (Flyball, 7LS)
|
Bottom of the 5th over - 6 runs, 7 hits, 2 errors, 2 left on base; Pennsauken 4 - Royse City 7 |
TOP OF THE 6TH |
Pennsauken Flyers batting - Pitching for Royse City Targaryens : LHP Won-min Yi
|
Batting: RHB Clarence Therrien
|
0-0: Ground out 4-3 (Groundball, 4MD)
|
Batting: RHB John Downing
|
0-0: Ball 1-0: Called Strike 1-1: Foul Ball, location: 2F 1-2: Ball 2-2: Foul Ball, location: 2F 2-2: Ball 3-2: Base on Balls
|
Batting: RHB Marc Beck
|
0-0: Ball 1-0: Ball 2-0: Called Strike 2-1: Ball 3-1: Base on Balls John Downing to second
|
Batting: RHB Patrick Eggen
|
0-0: Swinging Strike 0-1: Swinging Strike 0-2: Strikes out swinging
|
Batting: RHB José Rodríguez
|
0-0: Ball 1-0: Foul Ball, location: 2F 1-1: Ball 2-1: Ball 3-1: Base on Balls John Downing to third Marc Beck to second
|
Batting: LHB Arana Sashi
|
0-0: Foul Ball, location: 2F 0-1: Foul Ball, location: 2F 0-2: Ball 1-2: Fielders Choice at 2nd, 5-4 (Groundball, 56)
|
Top of the 6th over - 0 runs, 0 hits, 0 errors, 3 left on base; Pennsauken 4 - Royse City 7 |
BOTTOM OF THE 6TH |
Royse City Targaryens batting - Pitching for Pennsauken Flyers : RHP Manny Benavides
|
Batting: RHB Melvin Thomas
|
0-0: Ball 1-0: Called Strike 1-1: Fly out, F8 (Flyball, 8RD)
|
Batting: SHB Miguel Herrera
|
0-0: Swinging Strike 0-1: Called Strike 0-2: Ball 1-2: Ball 2-2: Ball 3-2: SOLO HOME RUN (Flyball, 8RXD), Distance : 429 ft
|
Batting: RHB David Elías
|
0-0: Fly out, F8 (Flyball, 78D)
|
Batting: RHB Riley Walker
|
0-0: Called Strike 0-1: Swinging Strike 0-2: Ball 1-2: Foul Ball, location: 2F 1-2: Ground out 4-3 (Groundball, 4)
|
Bottom of the 6th over - 1 run, 1 hit, 0 errors, 0 left on base; Pennsauken 4 - Royse City 8 |
TOP OF THE 7TH |
Pennsauken Flyers batting - Pitching for Royse City Targaryens : LHP Won-min Yi
|
Batting: RHB Dave Ash
|
0-0: Ball 1-0: Ball 2-0: Foul Ball, location: 2F 2-1: Ground out 4-3 (Groundball, 4)
|
Batting: RHB Raúl Moreno
|
0-0: Ball 1-0: Foul Ball, location: 2F 1-1: Ball 2-1: Swinging Strike 2-2: Ball 3-2: Foul Ball, location: 2F 3-2: Base on Balls
|
Batting: RHB Leo Cadden
|
0-0: Ball 1-0: Called Strike 1-1: Fly out, F9 (Flyball, 89D)
|
Batting: RHB Clarence Therrien
|
0-0: Ball 1-0: Ball 2-0: Ball 3-0: Base on Balls Raúl Moreno to second
|
Batting: RHB John Downing
|
0-0: SINGLE (Line Drive, 56D) Raúl Moreno to third Clarence Therrien to second
|
Batting: RHB Marc Beck
|
0-0: Ground out 4-3 (Groundball, 4)
|
Top of the 7th over - 0 runs, 1 hit, 0 errors, 3 left on base; Pennsauken 4 - Royse City 8 |
BOTTOM OF THE 7TH |
Royse City Targaryens batting - Pitching for Pennsauken Flyers : RHP Manny Benavides
|
Batting: LHB Takahiro Suzuki
|
0-0: SINGLE (Groundball, 34) (infield hit)
|
Batting: RHB Breanainn Swartwood
|
0-0: Ball 1-0: Sac Bunt - play at first, batter OUT! 1-3 Takahiro Suzuki to second
|
Batting: RHB José García
|
0-0: Called Strike 0-1: Ball 1-1: SINGLE (Groundball, 4MD) Takahiro Suzuki to third Runner from 3rd tries for Home, SAFE, throw made home
|
Batting: SHB Vernon T. Waldrip
|
0-0: Ball 1-0: Called Strike 1-1: Ball 2-1: Ball 3-1: Swinging Strike 3-2: Grounds into double play, 4-6-3 (Groundball, 4)
|
Bottom of the 7th over - 1 run, 2 hits, 0 errors, 0 left on base; Pennsauken 4 - Royse City 9 |
TOP OF THE 8TH |
Pennsauken Flyers batting - Pitching for Royse City Targaryens : LHP Won-min Yi
|
Batting: RHB Patrick Eggen
|
0-0: Foul Ball, location: 2F 0-1: Ball 1-1: Ball 2-1: SINGLE (Groundball, 34) (infield hit)
|
Batting: RHB José Rodríguez
|
0-0: Ball 1-0: Ball 2-0: Swinging Strike 2-1: Grounds into double play, 6-4-3 (Groundball, 6)
|
Batting: LHB Arana Sashi
|
0-0: Foul Ball, location: 2F 0-1: Foul Ball, location: 2F 0-2: Foul Ball, location: 2F 0-2: Ball 1-2: Ground out 6-3 (Groundball, 6)
|
Top of the 8th over - 0 runs, 1 hit, 0 errors, 0 left on base; Pennsauken 4 - Royse City 9 |
BOTTOM OF THE 8TH |
Royse City Targaryens batting - Pitching for Pennsauken Flyers : RHP Manny Benavides
|
Batting: RHB Víctor Cuevas
|
0-0: Fly out, F7 (Flyball, 7D)
|
Batting: RHB Melvin Thomas
|
0-0: Called Strike 0-1: Ball 1-1: Ground out 4-3 (Groundball, 34)
|
Batting: SHB Miguel Herrera
|
0-0: Ball 1-0: Ball 2-0: SINGLE (Flyball, 78S)
|
Batting: RHB David Elías
|
0-0: Ball 1-0: Called Strike 1-1: Ball 2-1: Ball 3-1: Foul Ball, location: 2F 3-2: Strikes out swinging, 2-3 out at first.
|
Bottom of the 8th over - 0 runs, 1 hit, 0 errors, 1 left on base; Pennsauken 4 - Royse City 9 |
TOP OF THE 9TH |
Pennsauken Flyers batting - Pitching for Royse City Targaryens : LHP Won-min Yi
|
Batting: RHB Dave Ash
|
0-0: Ball 1-0: Ball 2-0: Called Strike 2-1: Ball 3-1: Base on Balls
|
Pitching: RHP Manuel Torres
|
|
Batting: RHB Raúl Moreno
|
0-0: Ball 1-0: Ball 2-0: Ball 3-0: Called Strike 3-1: Base on Balls Dave Ash to second
|
Batting: RHB Leo Cadden
|
0-0: Reached via error on a dropped throw, E6 Dave Ash to third Raúl Moreno to second
|
Pitching: RHP Ralph McKinney
|
|
Batting: RHB Clarence Therrien
|
0-0: Foul Ball, location: 2F 0-1: Called Strike 0-2: Strikes out swinging
|
Batting: RHB John Downing
|
0-0: Foul Ball, location: 2F 0-1: Ball 1-1: Ball 2-1: Foul Ball, location: 2F 2-2: Strikes out swinging
|
Batting: RHB Marc Beck
|
0-0: Foul Ball, location: 2F 0-1: Called Strike 0-2: Strikes out swinging
|
Top of the 9th over - 0 runs, 0 hits, 1 error, 3 left on base; Pennsauken 4 - Royse City 9 |
|